Nordiques vs Blue Jackets (R3)

Created - 14 février 2016 at 19:48

Goals
1 2 3 OT1 T
Nordiques 1 1 3 1 6
Blue Jackets 2 3 0 0 5
Shots
1 2 3 OT1 T
Nordiques 6 12 16 1 35
Blue Jackets 17 13 6 0 36

1st period

1. Nordiques , Vaclav Prospal 10 (Alexei Kovalev, Fedor Tyutin) at 10:23
2. Blue Jackets , Patric Hornqvist 18 (David Booth, Branislav Mezei) at 18:26 (PP)
3. Blue Jackets , Branislav Mezei 4 (Patric Hornqvist) at 19:43 (PP)

Penalties :
Chris Drury (Que) for Interference (Minor) at 0:09, Mike Commodore (Clb) for Roughing (Minor) at 3:43, Chris Drury (Que) for Interference (Minor) at 11:41, Shane Hnidy (Que) for Holding (Minor) at 17:25, Chris Drury (Que) for Tripping (Minor) at 19:33

2nd period

4. Blue Jackets , Patric Hornqvist 19 (Chris Kelly, David Booth) at 6:53
5. Nordiques , Toni Lydman 1 (Shane Hnidy) at 11:43 (PP)
6. Blue Jackets , Adam Deadmarsh 9 (Dave Steckel) at 15:20
7. Blue Jackets , Jeff Taffe 3 (Dave Steckel) at 19:23

Penalties :
Shane Hnidy (Que) for Holding (Minor) at 3:00, Patric Hornqvist (Clb) for Holding Stick (Minor) at 9:17, Mike Lundin (Clb) for Diving (Minor) at 10:38, R.J. Umberger (Que) for Holding (Minor) at 13:08

3rd period

8. Nordiques , Kristopher Letang 6 (Chris Drury) at 13:50 (PP)
9. Nordiques , Chris Drury 22 (Daniel Briere, R.J. Umberger) at 16:13
10. Nordiques , Daniel Briere 15 (Chris Drury, Kristopher Letang) at 19:50

Penalties :
Mike Lundin (Clb) for High sticking (Minor) at 5:00, R.J. Umberger (Que) for Delaying the game (Minor) at 5:19, Mike Lundin (Clb) for Hooking (Minor) at 8:56, Pavel Bure (Clb) for Hooking (Minor) at 12:40

Overtime #1

11. Nordiques , Daniel Briere 16 (Vaclav Prospal) at 0:52

Penalties :
No Penalty

Goalie Stats

Martin Brodeur (Que), 31 saves from 36 shots - (0,861), W, 18-21-5, 60:02 minutes
Mathieu Garon (Clb), 29 saves from 35 shots - (0,829), OTL, 0-5-4, 60:52 minutes

Players Stats for Nordiques

Player Name              G  A  P  +/- PIM S  H  SB GA TA FO     MP     PP MP  PK MP  
------------------------------------------------------------------------------------
Alexei Kovalev           0  1  1   0  0   0  0  0  0  0  1/1    13:51   3:32   0:00 
Chris Drury              1  2  3   1  6   3  0  1  1  1  14/27  24:02   4:10   2:48 
Chris Neil               0  0  0  -1  0   0  2  0  0  0  0/0     6:10   0:00   0:00 
Daniel Briere            2  1  3   2  0   3  1  1  0  0  2/3    19:40   4:21   0:00 
Fedor Tyutin             0  1  1   2  0   4  2  0  0  1  0/0    28:38   4:23   3:20 
Jarret Stoll             0  0  0  -1  0   0  0  0  0  1  4/8    10:26   0:11   3:44 
Kristopher Letang        1  1  2   2  0   7  1  1  1  0  0/0    28:38   4:23   3:20 
Kyle Calder              0  0  0   0  0   1  0  0  0  0  1/2    12:18   0:00   1:54 
Matt Moulson             0  0  0   0  0   1  1  1  0  0  0/0    14:01   3:32   0:13 
Niclas Wallin            0  0  0  -1  0   2  1  1  0  1  0/0    15:56   0:00   6:06 
Niklas Kronwall          0  0  0   0  0   0  1  0  0  0  0/0    10:42   0:00   0:00 
Nikolai Kulemin          0  0  0  -1  0   0  0  1  0  0  0/0     6:10   0:00   0:00 
Pascal Dupuis            0  0  0   0  0   4  1  1  0  0  1/1    14:36   0:00   4:43 
R.J. Umberger            0  1  1   1  4   2  3  0  2  0  1/1    19:33   4:20   0:00 
Rich Peverley            0  0  0   0  0   2  1  0  1  1  1/4     9:40   0:00   0:00 
Shane Hnidy              0  1  1  -1  4   1  1  0  0  1  0/0    15:25   3:30   0:00 
Toni Lydman              1  0  1   0  0   2  1  2  0  0  0/0    22:37   3:30   6:06 
Vaclav Prospal           1  1  2   1  0   3  3  1  0  0  11/25  19:52   3:32   5:30 

Players Stats for Blue Jackets

Player Name              G  A  P  +/- PIM S  H  SB GA TA FO     MP     PP MP  PK MP  
------------------------------------------------------------------------------------
Adam Deadmarsh           1  0  1   1  0   2  0  0  0  1  0/0    10:07   0:02   0:58 
Brad Stuart              0  0  0   1  0   0  0  0  0  0  0/0    11:15   0:00   0:00 
Branislav Mezei          1  1  2  -1  0   6  2  1  1  1  0/0    31:22   6:34   4:27 
Chris Kelly              0  1  1  -2  0   5  2  1  0  1  15/33  22:31   5:30   2:11 
Cory Emmerton            0  0  0   0  0   1  0  0  0  0  2/3     6:42   0:00   0:00 
Dave Steckel             0  2  2   1  0   0  3  1  0  0  5/6     9:20   0:21   0:00 
David Booth              0  2  2  -1  0   2  0  1  1  0  8/13   27:00   5:49   5:17 
François Beauchemin      0  0  0  -1  0   1  2  0  0  1  0/0    19:00   2:52   3:26 
Jan Bulis                0  0  0   0  0   0  3  0  0  0  5/11   14:29   3:35   0:00 
Jason Ward               0  0  0   0  0   2  0  1  0  0  0/0     6:42   0:00   0:00 
Jeff Taffe               1  0  1   1  0   2  1  0  0  0  0/1    10:23   0:02   0:55 
Kevin Bieksa             0  0  0  -1  0   0  1  1  2  0  0/0    19:00   2:52   3:26 
Marcus Nilson            0  0  0  -1  0   2  6  0  1  0  0/0    16:42   3:35   1:36 
Mike Commodore           0  0  0   1  2   0  0  3  0  0  0/0    13:06   0:00   2:14 
Mike Lundin              0  0  0  -1  6   1  2  0  0  0  0/0    28:51   6:53   2:12 
Patric Hornqvist         2  1  3  -1  2   10 1  1  1  1  1/4    25:31   5:30   4:11 
Pavel Bure               0  0  0   0  2   1  2  0  0  0  0/0    14:28   3:35   0:00 
Tomas Kurka              0  0  0   0  0   1  0  0  0  0  0/1     6:42   0:00   0:00 

3 Stars

1 - Daniel Briere (Que)
2 - Kristopher Letang (Que)
3 - Vaclav Prospal (Que)

Power Play

Nordiques - 2 on 6 Attempt(s) - 33,33%
Blue Jackets - 2 on 7 Attempt(s) - 28,57%

Penalty Kill

Nordiques - 5 on 7 Attempt(s) - 71,43% - Score 0 goal in Penalty Kill
Blue Jackets - 4 on 6 Attempt(s) - 66,67% - Score 0 goal in Penalty Kill

Team Stat

Nordiques - Hits : 19 - Faceoff Wins : 36 - Blocked Shots : 10 - Penalty Minutes : 14
Blue Jackets - Hits : 25 - Faceoff Wins : 36 - Blocked Shots : 10 - Penalty Minutes : 12

Official

Referees : Pochmara Brian and StLaurent Francois
Linesman : Bryan Pancich and David Brisebois

Game Notes

No Game Note

Finance

Level 1 -- Attendance: 4316 (71,93%) -- Ticket Income 388 440 $
Level 2 -- Attendance: 3451 (69,02%) -- Ticket Income 189 805 $
Level 3 -- Attendance: 1750 (87,50%) -- Ticket Income 52 500 $
Level 4 -- Attendance: 4000 (100,00%) -- Ticket Income 80 000 $
Luxury Box -- Attendance: 662 (66,20%) -- Ticket Income 122 470 $
Game was played at the Ohio State Arena.
Total Attendance: 14179 (78,77%)
Total Ticket Income: 833 215 $
Other Income: 124 982 $
Total Income: 958 197 $

Nordiques

5 vs 5 Forward 
   Center                   Left Wing                Right Wing               Time % Phy DF OF 
 1 Chris Drury              R.J. Umberger            Daniel Briere            40     0   2  3  
 2 Vaclav Prospal           Matt Moulson             Alexei Kovalev           30     0   1  4  
 3 Rich Peverley            Kyle Calder              Pascal Dupuis            20     0   3  2  
 4 Jarret Stoll             Nikolai Kulemin          Chris Neil               10     0   2  3  

5 vs 5 Defense 
   Defense                  Defense                                           Time % Phy DF OF 
 1 Fedor Tyutin             Kristopher Letang                                 40     0   4  1  
 2 Shane Hnidy              Toni Lydman                                       30     0   3  2  
 3 Niclas Wallin            Niklas Kronwall                                   20     0   4  1  
 4 Fedor Tyutin             Kristopher Letang                                 10     0   3  2  

PowerPlay Forward 
   Center                   Left Wing                Right Wing               Time % Phy DF OF 
 1 Chris Drury              R.J. Umberger            Daniel Briere            60     0   0  5  
 2 Vaclav Prospal           Matt Moulson             Alexei Kovalev           40     0   0  5  

PowerPlay Defense
   Defense                  Defense                                           Time % Phy DF OF 
 1 Fedor Tyutin             Kristopher Letang                                 60     0   2  3  
 2 Shane Hnidy              Toni Lydman                                       40     0   2  3  

Penalty Kill 4 Players Forward 
   Center                   Wing                     Time % Phy DF OF 
 1 Vaclav Prospal           Chris Drury              60     0   3  2  
 2 Jarret Stoll             Pascal Dupuis            40     0   3  2  

Penalty Kill 4 Players Defense
   Defense                  Defense                  Time % Phy DF OF 
 1 Niclas Wallin            Toni Lydman              60     0   5  0  
 2 Fedor Tyutin             Kristopher Letang        40     0   5  0  

Penalty Kill - 3 Players Forward 
   Forward                                           Time % Phy DF OF 
 1 Vaclav Prospal                                    60     0   5  0  
 2 Pascal Dupuis                                     40     0   5  0  

Penalty Kill - 3 Players Defense
   Defense                  Defense                  Time % Phy DF OF 
 1 Niclas Wallin            Toni Lydman              60     0   5  0  
 2 Niklas Kronwall          Shane Hnidy              40     0   5  0  

4 vs 4 Forward 
   Center                   Wing                     Time % Phy DF OF 
 1 R.J. Umberger            Chris Drury              60     0   2  3  
 2 Daniel Briere            Vaclav Prospal           40     0   2  3  

4 vs 4 Defense
   Defense                  Defense                  Time % Phy DF OF 
 1 Fedor Tyutin             Kristopher Letang        60     0   3  2  
 2 Niklas Kronwall          Toni Lydman              40     0   3  2  

Last Minutes Offensive
   Center                   Left Wing                Right Wing               Defense                  Defense                  
   Chris Drury              R.J. Umberger            Daniel Briere            Fedor Tyutin             Kristopher Letang        

Last Minutes Defensive
   Center                   Left Wing                Right Wing               Defense                  Defense                  
   Chris Drury              R.J. Umberger            Daniel Briere            Fedor Tyutin             Kristopher Letang        

Goaltenders
Starting : Martin Brodeur           
Backup : Julien Ellis             

Extra Forwards
Normal : Chris Drury, Daniel Briere, Alexei Kovalev - PP : Chris Drury, Daniel Briere - PK : Pascal Dupuis
Extra Defensemen
Normal : Kristopher Letang, Fedor Tyutin, Niklas Kronwall - PP : Kristopher Letang - PK : Fedor Tyutin, Niclas Wallin
Penalty Shots
R.J. Umberger, Chris Drury, Daniel Briere, Vaclav Prospal, Kyle Calder

Blue Jackets

5 vs 5 Forward 
   Center                   Left Wing                Right Wing               Time % Phy DF OF 
 1 Chris Kelly              David Booth              Patric Hornqvist         40     1   2  2  
 2 Jan Bulis                Marcus Nilson            Pavel Bure               30     1   2  2  
 3 Dave Steckel             Jeff Taffe               Adam Deadmarsh           20     1   2  2  
 4 Cory Emmerton            Tomas Kurka              Jason Ward               10     1   2  2  

5 vs 5 Defense 
   Defense                  Defense                                           Time % Phy DF OF 
 1 Branislav Mezei          Mike Lundin                                       40     1   2  2  
 2 Kevin Bieksa             François Beauchemin                               30     1   2  2  
 3 Brad Stuart              Mike Commodore                                    20     1   2  2  
 4 Branislav Mezei          Mike Lundin                                       10     1   2  2  

PowerPlay Forward 
   Center                   Left Wing                Right Wing               Time % Phy DF OF 
 1 Chris Kelly              David Booth              Patric Hornqvist         60     1   2  2  
 2 Jan Bulis                Marcus Nilson            Pavel Bure               40     1   2  2  

PowerPlay Defense
   Defense                  Defense                                           Time % Phy DF OF 
 1 Branislav Mezei          Mike Lundin                                       60     1   2  2  
 2 Kevin Bieksa             François Beauchemin                               40     1   2  2  

Penalty Kill 4 Players Forward 
   Center                   Wing                     Time % Phy DF OF 
 1 David Booth              Patric Hornqvist         60     1   2  2  
 2 Chris Kelly              Marcus Nilson            40     1   2  2  

Penalty Kill 4 Players Defense
   Defense                  Defense                  Time % Phy DF OF 
 1 Branislav Mezei          Mike Lundin              60     1   2  2  
 2 Kevin Bieksa             François Beauchemin      40     1   2  2  

Penalty Kill - 3 Players Forward 
   Forward                                           Time % Phy DF OF 
 1 David Booth                                       60     1   2  2  
 2 Patric Hornqvist                                  40     1   2  2  

Penalty Kill - 3 Players Defense
   Defense                  Defense                  Time % Phy DF OF 
 1 Branislav Mezei          Mike Lundin              60     1   2  2  
 2 Kevin Bieksa             François Beauchemin      40     1   2  2  

4 vs 4 Forward 
   Center                   Wing                     Time % Phy DF OF 
 1 David Booth              Patric Hornqvist         60     1   2  2  
 2 Chris Kelly              Marcus Nilson            40     1   2  2  

4 vs 4 Defense
   Defense                  Defense                  Time % Phy DF OF 
 1 Branislav Mezei          Mike Lundin              60     1   2  2  
 2 Kevin Bieksa             François Beauchemin      40     1   2  2  

Last Minutes Offensive
   Center                   Left Wing                Right Wing               Defense                  Defense                  
   Chris Kelly              David Booth              Patric Hornqvist         Branislav Mezei          Mike Lundin              

Last Minutes Defensive
   Center                   Left Wing                Right Wing               Defense                  Defense                  
   Chris Kelly              David Booth              Patric Hornqvist         Branislav Mezei          Mike Lundin              

Goaltenders
Starting : Mathieu Garon            
Backup : Rick DiPietro            

Extra Forwards
Normal : Jeff Taffe, Dave Steckel, Adam Deadmarsh - PP : Jeff Taffe, Dave Steckel - PK : Adam Deadmarsh
Extra Defensemen
Normal : Brad Stuart, Mike Commodore, Kevin Bieksa - PP : Brad Stuart - PK : Mike Commodore, Kevin Bieksa
Penalty Shots
David Booth, Patric Hornqvist, Chris Kelly, Marcus Nilson, Pavel Bure

% Time on Ice - Nordiques

Lines # - Real PCT - Wanted PCT - Time Play
Normal Forward
1 - 37% - 40% - 15:17
2 - 24% - 30% - 9:42
3 - 24% - 20% - 9:40
4 - 15% - 10% - 6:10
Normal Defense
1 - 43% - 40% - 17:37
2 - 31% - 30% - 12:51
3 - 24% - 20% - 9:37
4 - 2% - 10% - 0:44
PP Forward
1 - 55% - 60% - 4:21
2 - 45% - 40% - 3:32
PP Defense
1 - 56% - 60% - 4:23
2 - 44% - 40% - 3:30
PK Forward
1 - 66% - 60% - 6:15
2 - 34% - 40% - 3:11
PK Defense
1 - 68% - 60% - 6:25
2 - 32% - 40% - 3:01
PK3 Forward
1 - 0% - 60%
2 - 0% - 40%
PK3 Defense
1 - 0% - 60%
2 - 0% - 40%
44 Forward
1 - 95% - 60% - 2:24
2 - 5% - 40% - 0:08
44 Defense
1 - 57% - 60% - 1:27
2 - 43% - 40% - 1:05
Last Minute Offensive  - 0:12
Last Minute Defensive  - 0:00
Total
Forward - 60:52
Defense - 60:52

% Time on Ice - Blue Jackets

Lines # - Real PCT - Wanted PCT - Time Play
Normal Forward
1 - 35% - 40% - 13:59
2 - 28% - 30% - 11:04
3 - 21% - 20% - 8:23
4 - 17% - 10% - 6:42
Normal Defense
1 - 44% - 40% - 17:43
2 - 30% - 30% - 11:52
3 - 24% - 20% - 9:49
4 - 2% - 10% - 0:44
PP Forward
1 - 62% - 60% - 5:51
2 - 38% - 40% - 3:35
PP Defense
1 - 70% - 60% - 6:34
2 - 30% - 40% - 2:52
PK Forward
1 - 78% - 60% - 5:39
2 - 22% - 40% - 1:36
PK Defense
1 - 53% - 60% - 3:49
2 - 47% - 40% - 3:26
PK3 Forward
1 - 100% - 60% - 0:38
2 - 0% - 40% - 0:00
PK3 Defense
1 - 100% - 60% - 0:38
2 - 0% - 40% - 0:00
44 Forward
1 - 82% - 60% - 2:05
2 - 18% - 40% - 0:27
44 Defense
1 - 67% - 60% - 1:42
2 - 33% - 40% - 0:50
Last Minute Offensive  - 0:00
Last Minute Defensive  - 0:53
Total
Forward - 60:52
Defense - 60:52

Play by Play

1st period


0:01 of 1st period - Chris Kelly wins face-off versus Chris Drury in neutral zone.
0:09 of 1st period - Minor Penalty to Chris Drury for Interference.
0:10 of 1st period - Vaclav Prospal wins face-off versus Patric Hornqvist in Nordiques zone.
0:17 of 1st period - Off-side.
0:18 of 1st period - Chris Kelly wins face-off versus Vaclav Prospal in neutral zone.
0:21 of 1st period - Wrist shot by Patric Hornqvist.
0:21 of 1st period - Shot Misses the Net.
0:23 of 1st period - Slapshot by Branislav Mezei.
0:23 of 1st period - Shot Misses the Net.
0:29 of 1st period - Wrist shot by Patric Hornqvist.
0:29 of 1st period - Shot Hit the Post.
0:43 of 1st period - Jarret Stoll is hit by Marcus Nilson and loses puck.
1:58 of 1st period - Kristopher Letang is hit by Pavel Bure and loses puck.
2:09 of 1st period - Penalty to Chris Drury is over, Chris Drury is back on ice.
2:33 of 1st period - Brad Stuart is hit by Vaclav Prospal and loses puck.
2:46 of 1st period - Snap shot by Branislav Mezei.
2:46 of 1st period - Shot Blocked by Daniel Briere.
3:21 of 1st period - Toni Lydman is hit by Dave Steckel and loses puck.
3:43 of 1st period - Minor Penalty to Mike Commodore for Roughing.
3:44 of 1st period - Alexei Kovalev wins face-off versus David Booth in Blue Jackets zone.
4:33 of 1st period - Slapshot by Marcus Nilson.
4:33 of 1st period - Stopped by Martin Brodeur without a rebound.
4:34 of 1st period - Chris Drury wins face-off versus David Booth in Nordiques zone.
4:39 of 1st period - Snap shot by Chris Drury.
4:39 of 1st period - Shot Misses the Net.
5:23 of 1st period - Slapshot by Patric Hornqvist.
5:23 of 1st period - Shot Misses the Net.
5:25 of 1st period - Wrist shot by Chris Kelly.
5:25 of 1st period - Shot Misses the Net.
5:43 of 1st period - Penalty to Mike Commodore is over, Mike Commodore is back on ice.
5:56 of 1st period - Mike Commodore is hit by Fedor Tyutin and loses puck.
6:19 of 1st period - Snap shot by Marcus Nilson.
6:19 of 1st period - Shot Blocked by Niclas Wallin.
6:40 of 1st period - Kevin Bieksa is hit by Shane Hnidy.
7:36 of 1st period - R.J. Umberger is hit by Chris Kelly and loses puck.
7:51 of 1st period - Jason Ward is hit by Niclas Wallin.
7:55 of 1st period - Rich Peverley is hit by Kevin Bieksa and loses puck.
8:31 of 1st period - Mike Lundin is hit by Chris Neil and loses puck.
8:50 of 1st period - Chris Drury is hit by Mike Lundin and loses puck.
9:33 of 1st period - Wrist shot by Pavel Bure.
9:33 of 1st period - Stopped by Martin Brodeur without a rebound.
9:34 of 1st period - Jan Bulis wins face-off versus Vaclav Prospal in Nordiques zone.
10:07 of 1st period - Slapshot by Alexei Kovalev.
10:07 of 1st period - Shot Misses the Net.
10:09 of 1st period - Slapshot by Fedor Tyutin.
10:09 of 1st period - Shot Misses the Net.
10:23 of 1st period - Snap shot by Vaclav Prospal.
10:23 of 1st period - Goal by Vaclav Prospal - Nordiques : 1 - Blue Jackets : 0.
10:24 of 1st period - Chris Drury wins face-off versus Chris Kelly in neutral zone.
10:50 of 1st period - Branislav Mezei is hit by Toni Lydman and loses puck.
11:11 of 1st period - Slapshot by Cory Emmerton.
11:11 of 1st period - Shot Misses the Net.
11:14 of 1st period - Icing by Matt Moulson.
11:15 of 1st period - Cory Emmerton wins face-off versus Vaclav Prospal in Nordiques zone.
11:41 of 1st period - Minor Penalty to Chris Drury for Interference.
11:42 of 1st period - Vaclav Prospal wins face-off versus Chris Kelly in Nordiques zone.
12:08 of 1st period - Icing by Branislav Mezei.
12:09 of 1st period - Jan Bulis wins face-off versus Vaclav Prospal in Blue Jackets zone.
12:16 of 1st period - Vaclav Prospal is hit by Pavel Bure and loses puck.
12:25 of 1st period - Slapshot by Branislav Mezei.
12:25 of 1st period - Shot Misses the Net.
12:27 of 1st period - Slapshot by Branislav Mezei.
12:27 of 1st period - Stopped by Martin Brodeur with a rebound.
12:29 of 1st period - Slapshot by Branislav Mezei.
12:29 of 1st period - Stopped by Martin Brodeur with a rebound.
12:43 of 1st period - Snap shot by Pascal Dupuis.
12:43 of 1st period - Stopped by Mathieu Garon without a rebound.
12:44 of 1st period - Jarret Stoll wins face-off versus Chris Kelly in Blue Jackets zone.
12:56 of 1st period - Slapshot by Patric Hornqvist.
12:56 of 1st period - Shot Blocked by Toni Lydman.
12:58 of 1st period - Slapshot by Chris Kelly.
12:58 of 1st period - Stopped by Martin Brodeur with a rebound.
13:00 of 1st period - Snap shot by Patric Hornqvist.
13:00 of 1st period - Stopped by Martin Brodeur without a rebound.
13:01 of 1st period - Pascal Dupuis wins face-off versus Chris Kelly in Nordiques zone.
13:36 of 1st period - Vaclav Prospal is hit by Marcus Nilson and loses puck.
13:41 of 1st period - Penalty to Chris Drury is over, Chris Drury is back on ice.
13:51 of 1st period - Wrist shot by Kevin Bieksa.
13:51 of 1st period - Shot Blocked by Toni Lydman.
13:53 of 1st period - Slapshot by Tomas Kurka.
13:53 of 1st period - Stopped by Martin Brodeur without a rebound.
13:54 of 1st period - Chris Drury wins face-off versus Cory Emmerton in Nordiques zone.
13:59 of 1st period - Backhand shot by Kristopher Letang.
13:59 of 1st period - Stopped by Mathieu Garon with a rebound.
14:38 of 1st period - Snap shot by Cory Emmerton.
14:38 of 1st period - Stopped by Martin Brodeur with a rebound.
14:46 of 1st period - Snap shot by Cory Emmerton.
14:46 of 1st period - Shot Misses the Net.
14:48 of 1st period - Wrist shot by François Beauchemin.
14:48 of 1st period - Deflect By Tomas Kurka.
14:48 of 1st period - Shot Blocked by Kristopher Letang.
14:48 of 1st period - Puck is out of play.
14:49 of 1st period - Vaclav Prospal wins face-off versus Chris Kelly in Nordiques zone.
15:21 of 1st period - Niclas Wallin is hit by Jan Bulis and loses puck.
15:30 of 1st period - Pascal Dupuis is hit by Marcus Nilson and loses puck.
15:43 of 1st period - Wrist shot by Nikolai Kulemin.
15:43 of 1st period - Shot Blocked by Dave Steckel.
15:45 of 1st period - Snap shot by Niclas Wallin.
15:45 of 1st period - Deflect By Mike Commodore.
15:45 of 1st period - Stopped by Mathieu Garon with a rebound.
16:07 of 1st period - Slapshot by Fedor Tyutin.
16:07 of 1st period - Deflect By Patric Hornqvist.
16:07 of 1st period - Stopped by Mathieu Garon with a rebound.
16:30 of 1st period - Slapshot by Marcus Nilson.
16:30 of 1st period - Shot Misses the Net.
17:12 of 1st period - Slapshot by Kristopher Letang.
17:12 of 1st period - Stopped by Mathieu Garon with a rebound.
17:25 of 1st period - Minor Penalty to Shane Hnidy for Holding.
17:26 of 1st period - Chris Kelly wins face-off versus Vaclav Prospal in Nordiques zone.
17:27 of 1st period - Slapshot by Mike Lundin.
17:27 of 1st period - Deflect By Patric Hornqvist.
17:27 of 1st period - Stopped by Martin Brodeur without a rebound.
17:28 of 1st period - Chris Kelly wins face-off versus Vaclav Prospal in Nordiques zone.
18:06 of 1st period - Snap shot by Patric Hornqvist.
18:06 of 1st period - Shot Misses the Net.
18:08 of 1st period - Wrist shot by Patric Hornqvist.
18:08 of 1st period - Shot Misses the Net.
18:10 of 1st period - Slapshot by Branislav Mezei.
18:10 of 1st period - Deflect By Niclas Wallin.
18:10 of 1st period - Stopped by Martin Brodeur with a rebound.
18:12 of 1st period - Slapshot by Mike Lundin.
18:12 of 1st period - Shot Misses the Net.
18:14 of 1st period - Slapshot by Chris Kelly.
18:14 of 1st period - Stopped by Martin Brodeur with a rebound.
18:16 of 1st period - Slapshot by Patric Hornqvist.
18:16 of 1st period - Shot Misses the Net.
18:18 of 1st period - Slapshot by Branislav Mezei.
18:18 of 1st period - Stopped by Martin Brodeur with a rebound.
18:20 of 1st period - Wrist shot by David Booth.
18:20 of 1st period - Stopped by Martin Brodeur with a rebound.
18:22 of 1st period - Slapshot by David Booth.
18:22 of 1st period - Deflect By Patric Hornqvist.
18:22 of 1st period - Stopped by Martin Brodeur with a rebound.
18:24 of 1st period - Slapshot by Patric Hornqvist.
18:24 of 1st period - Stopped by Martin Brodeur with a rebound.
18:26 of 1st period - Snap shot by Patric Hornqvist.
18:26 of 1st period - Goal by Patric Hornqvist - Nordiques : 1 - Blue Jackets : 1.
18:27 of 1st period - Chris Drury wins face-off versus Jan Bulis in neutral zone.
18:32 of 1st period - Wrist shot by R.J. Umberger.
18:32 of 1st period - Shot Misses the Net.
18:54 of 1st period - François Beauchemin is hit by Matt Moulson and loses puck.
19:14 of 1st period - Icing by Branislav Mezei.
19:15 of 1st period - Rich Peverley wins face-off versus Tomas Kurka in Blue Jackets zone.
19:24 of 1st period - Slapshot by Kyle Calder.
19:24 of 1st period - Deflect By Pascal Dupuis.
19:24 of 1st period - Shot Blocked by Jason Ward.
19:24 of 1st period - Puck is out of play.
19:25 of 1st period - Chris Kelly wins face-off versus Chris Drury in Blue Jackets zone.
19:25 of 1st period - Chris Kelly is hit by R.J. Umberger.
19:31 of 1st period - Slapshot by Mike Lundin.
19:31 of 1st period - Shot Blocked by Chris Drury.
19:33 of 1st period - Minor Penalty to Chris Drury for Tripping.
19:34 of 1st period - Vaclav Prospal wins face-off versus Chris Kelly in Nordiques zone.
19:43 of 1st period - Wrist shot by Branislav Mezei.
19:43 of 1st period - Goal by Branislav Mezei - Nordiques : 1 - Blue Jackets : 2.
19:44 of 1st period - Chris Drury wins face-off versus Chris Kelly in neutral zone.
Goals for this period are 1 for Nordiques vs 2 for Blue Jackets.
Shots for this period are 6 for Nordiques vs 17 for Blue Jackets.

2nd period


0:01 of 2nd period - Chris Kelly wins face-off versus Chris Drury in neutral zone.
0:04 of 2nd period - Fedor Tyutin is hit by Patric Hornqvist and loses puck.
0:34 of 2nd period - Kristopher Letang is hit by Marcus Nilson and loses puck.
0:51 of 2nd period - Rich Peverley is hit by Dave Steckel and loses puck.
1:33 of 2nd period - Wrist shot by Marcus Nilson.
1:33 of 2nd period - Stopped by Martin Brodeur without a rebound.
1:34 of 2nd period - Chris Drury wins face-off versus Patric Hornqvist in Nordiques zone.
1:41 of 2nd period - Wrist shot by Daniel Briere.
1:41 of 2nd period - Shot Misses the Net.
1:43 of 2nd period - Snap shot by R.J. Umberger.
1:43 of 2nd period - Stopped by Mathieu Garon without a rebound.
1:44 of 2nd period - Chris Drury wins face-off versus Chris Kelly in Blue Jackets zone.
1:47 of 2nd period - Slapshot by Chris Drury.
1:47 of 2nd period - Deflect By R.J. Umberger.
1:47 of 2nd period - Shot Misses the Net.
1:47 of 2nd period - Puck is out of play.
1:48 of 2nd period - Vaclav Prospal wins face-off versus Chris Kelly in Blue Jackets zone.
2:57 of 2nd period - Off-side.
2:58 of 2nd period - Jarret Stoll wins face-off versus Chris Kelly in neutral zone.
3:00 of 2nd period - Minor Penalty to Shane Hnidy for Holding.
3:01 of 2nd period - Patric Hornqvist wins face-off versus Vaclav Prospal in Nordiques zone.
3:34 of 2nd period - Wrist shot by David Booth.
3:34 of 2nd period - Shot Misses the Net.
4:14 of 2nd period - Snap shot by Chris Kelly.
4:14 of 2nd period - Stopped by Martin Brodeur without a rebound.
4:15 of 2nd period - Vaclav Prospal wins face-off versus Jan Bulis in Nordiques zone.
4:53 of 2nd period - Fedor Tyutin is hit by François Beauchemin and loses puck.
5:00 of 2nd period - Penalty to Shane Hnidy is over, Shane Hnidy is back on ice.
5:04 of 2nd period - Dave Steckel is hit by Vaclav Prospal and loses puck.
5:09 of 2nd period - Snap shot by Chris Drury.
5:09 of 2nd period - Stopped by Mathieu Garon with a rebound.
5:11 of 2nd period - Slapshot by Vaclav Prospal.
5:11 of 2nd period - Stopped by Mathieu Garon with a rebound.
5:13 of 2nd period - Slapshot by Fedor Tyutin.
5:13 of 2nd period - Stopped by Mathieu Garon without a rebound.
5:14 of 2nd period - Cory Emmerton wins face-off versus Jarret Stoll in Blue Jackets zone.
5:27 of 2nd period - Mike Commodore is hit by Chris Neil and loses puck.
5:40 of 2nd period - Niclas Wallin is hit by Dave Steckel and loses puck.
5:49 of 2nd period - Wrist shot by Pascal Dupuis.
5:49 of 2nd period - Stopped by Mathieu Garon without a rebound.
5:50 of 2nd period - Daniel Briere wins face-off versus Patric Hornqvist in Blue Jackets zone.
6:18 of 2nd period - Mike Lundin is hit by Niklas Kronwall and loses puck.
6:27 of 2nd period - Snap shot by Chris Kelly.
6:27 of 2nd period - Shot Misses the Net.
6:51 of 2nd period - Wrist shot by Chris Kelly.
6:51 of 2nd period - Shot Hit the Post.
6:53 of 2nd period - Snap shot by Patric Hornqvist.
6:53 of 2nd period - Goal by Patric Hornqvist - Nordiques : 1 - Blue Jackets : 3.
6:54 of 2nd period - Vaclav Prospal wins face-off versus Jan Bulis in neutral zone.
6:57 of 2nd period - Slapshot by Kristopher Letang.
6:57 of 2nd period - Stopped by Mathieu Garon with a rebound.
6:59 of 2nd period - Snap shot by Matt Moulson.
6:59 of 2nd period - Shot Blocked by Kevin Bieksa.
7:01 of 2nd period - Wrist shot by Vaclav Prospal.
7:01 of 2nd period - Stopped by Mathieu Garon with a rebound.
7:03 of 2nd period - Slapshot by Kristopher Letang.
7:03 of 2nd period - Stopped by Mathieu Garon with a rebound.
7:05 of 2nd period - Snap shot by Fedor Tyutin.
7:05 of 2nd period - Stopped by Mathieu Garon without a rebound.
7:06 of 2nd period - Vaclav Prospal wins face-off versus Jan Bulis in Blue Jackets zone.
7:14 of 2nd period - Icing by Kristopher Letang.
7:15 of 2nd period - Jan Bulis wins face-off versus Vaclav Prospal in Nordiques zone.
7:26 of 2nd period - Snap shot by Matt Moulson.
7:26 of 2nd period - Shot Misses the Net.
7:42 of 2nd period - Vaclav Prospal is hit by Branislav Mezei and loses puck.
8:29 of 2nd period - Pavel Bure is hit by Vaclav Prospal and loses puck.
8:36 of 2nd period - Wrist shot by Matt Moulson.
8:36 of 2nd period - Stopped by Mathieu Garon without a rebound.
8:37 of 2nd period - David Booth wins face-off versus Chris Drury in Blue Jackets zone.
8:42 of 2nd period - Snap shot by François Beauchemin.
8:42 of 2nd period - Stopped by Martin Brodeur with a rebound.
9:01 of 2nd period - Daniel Briere is hit by Jeff Taffe and loses puck.
9:08 of 2nd period - Wrist shot by Adam Deadmarsh.
9:08 of 2nd period - Shot Blocked by Pascal Dupuis.
9:10 of 2nd period - Snap shot by Jeff Taffe.
9:10 of 2nd period - Stopped by Martin Brodeur without a rebound.
9:11 of 2nd period - Chris Kelly wins face-off versus Rich Peverley in Nordiques zone.
9:17 of 2nd period - Minor Penalty to Patric Hornqvist for Holding Stick.
9:18 of 2nd period - David Booth wins face-off versus Chris Drury in Blue Jackets zone.
10:38 of 2nd period - Minor Penalty to Mike Lundin for Diving.
10:39 of 2nd period - Vaclav Prospal wins face-off versus David Booth in Blue Jackets zone.
11:17 of 2nd period - Penalty to Patric Hornqvist is over, Patric Hornqvist is back on ice.
11:43 of 2nd period - Slapshot by Toni Lydman.
11:43 of 2nd period - Goal by Toni Lydman - Nordiques : 2 - Blue Jackets : 3.
11:44 of 2nd period - Chris Drury wins face-off versus Chris Kelly in neutral zone.
12:51 of 2nd period - Snap shot by Patric Hornqvist.
12:51 of 2nd period - Stopped by Martin Brodeur with a rebound.
13:08 of 2nd period - Minor Penalty to R.J. Umberger for Holding.
13:09 of 2nd period - Chris Kelly wins face-off versus Vaclav Prospal in Nordiques zone.
13:24 of 2nd period - Slapshot by Mike Lundin.
13:24 of 2nd period - Stopped by Martin Brodeur with a rebound.
14:14 of 2nd period - Vaclav Prospal is hit by François Beauchemin and loses puck.
14:32 of 2nd period - Icing by Branislav Mezei.
14:33 of 2nd period - Jarret Stoll wins face-off versus Chris Kelly in Blue Jackets zone.
15:08 of 2nd period - Penalty to R.J. Umberger is over, R.J. Umberger is back on ice.
15:18 of 2nd period - Snap shot by Adam Deadmarsh.
15:18 of 2nd period - Stopped by Martin Brodeur without a rebound.
15:19 of 2nd period - Dave Steckel wins face-off versus Jarret Stoll in Nordiques zone.
15:20 of 2nd period - Wrist shot by Adam Deadmarsh.
15:20 of 2nd period - Goal by Adam Deadmarsh - Nordiques : 2 - Blue Jackets : 4.
15:21 of 2nd period - Chris Drury wins face-off versus Chris Kelly in neutral zone.
15:28 of 2nd period - Slapshot by Chris Drury.
15:28 of 2nd period - Stopped by Mathieu Garon without a rebound.
15:29 of 2nd period - Chris Kelly wins face-off versus Chris Drury in Blue Jackets zone.
15:38 of 2nd period - Wrist shot by Patric Hornqvist.
15:38 of 2nd period - Stopped by Martin Brodeur without a rebound.
15:39 of 2nd period - Daniel Briere wins face-off versus Chris Kelly in Nordiques zone.
15:39 of 2nd period - Daniel Briere is hit by Chris Kelly.
16:50 of 2nd period - Niclas Wallin is hit by Branislav Mezei.
16:54 of 2nd period - Snap shot by Jason Ward.
16:54 of 2nd period - Shot Blocked by Nikolai Kulemin.
18:08 of 2nd period - Snap shot by Jason Ward.
18:08 of 2nd period - Stopped by Martin Brodeur with a rebound.
18:38 of 2nd period - Jan Bulis is hit by Daniel Briere and loses puck.
19:21 of 2nd period - Snap shot by Dave Steckel.
19:21 of 2nd period - Shot Blocked by Matt Moulson.
19:23 of 2nd period - Slapshot by Jeff Taffe.
19:23 of 2nd period - Goal by Jeff Taffe - Nordiques : 2 - Blue Jackets : 5.
19:24 of 2nd period - Chris Kelly wins face-off versus Vaclav Prospal in neutral zone.
19:37 of 2nd period - Snap shot by Chris Kelly.
19:37 of 2nd period - Stopped by Martin Brodeur with a rebound.
19:39 of 2nd period - Backhand shot by Patric Hornqvist.
19:39 of 2nd period - Shot Misses the Net.
19:54 of 2nd period - Kyle Calder is hit by Jan Bulis and loses puck.
Goals for this period are 1 for Nordiques vs 3 for Blue Jackets.
Shots for this period are 12 for Nordiques vs 13 for Blue Jackets.

3rd period


0:01 of 3rd period - Chris Drury wins face-off versus Chris Kelly in neutral zone.
0:43 of 3rd period - Wrist shot by Chris Kelly.
0:43 of 3rd period - Stopped by Martin Brodeur without a rebound.
0:44 of 3rd period - Vaclav Prospal wins face-off versus Jan Bulis in Nordiques zone.
1:09 of 3rd period - Jeff Taffe is hit by Pascal Dupuis and loses puck.
1:16 of 3rd period - Backhand shot by Rich Peverley.
1:16 of 3rd period - Stopped by Mathieu Garon without a rebound.
1:17 of 3rd period - Chris Drury wins face-off versus Jeff Taffe in Blue Jackets zone.
1:30 of 3rd period - Slapshot by Daniel Briere.
1:30 of 3rd period - Stopped by Mathieu Garon with a rebound.
1:32 of 3rd period - Snap shot by R.J. Umberger.
1:32 of 3rd period - Shot Misses the Net.
1:47 of 3rd period - Snap shot by Patric Hornqvist.
1:47 of 3rd period - Shot Blocked by Vaclav Prospal.
2:00 of 3rd period - Off-side.
2:01 of 3rd period - Jan Bulis wins face-off versus Rich Peverley in neutral zone.
3:14 of 3rd period - Snap shot by Branislav Mezei.
3:14 of 3rd period - Stopped by Martin Brodeur without a rebound.
3:15 of 3rd period - Chris Kelly wins face-off versus Chris Drury in Nordiques zone.
4:02 of 3rd period - Slapshot by Chris Drury.
4:02 of 3rd period - Shot Misses the Net.
4:04 of 3rd period - Snap shot by Niclas Wallin.
4:04 of 3rd period - Stopped by Mathieu Garon without a rebound.
4:05 of 3rd period - Jan Bulis wins face-off versus Vaclav Prospal in Blue Jackets zone.
4:16 of 3rd period - Wrist shot by Fedor Tyutin.
4:16 of 3rd period - Stopped by Mathieu Garon without a rebound.
4:17 of 3rd period - Chris Kelly wins face-off versus Vaclav Prospal in Blue Jackets zone.
4:54 of 3rd period - Wrist shot by Chris Neil.
4:54 of 3rd period - Shot Misses the Net.
5:00 of 3rd period - Minor Penalty to Mike Lundin for High sticking.
5:01 of 3rd period - David Booth wins face-off versus Chris Drury in Blue Jackets zone.
5:07 of 3rd period - Icing by Kristopher Letang.
5:08 of 3rd period - David Booth wins face-off versus Chris Drury in Nordiques zone.
5:19 of 3rd period - Minor Penalty to R.J. Umberger for Delaying the game.
5:20 of 3rd period - David Booth wins face-off versus Daniel Briere in Nordiques zone.
7:00 of 3rd period - Penalty to Mike Lundin is over, Mike Lundin is back on ice.
7:16 of 3rd period - Vaclav Prospal is hit by Mike Lundin.
7:19 of 3rd period - Penalty to R.J. Umberger is over, R.J. Umberger is back on ice.
8:09 of 3rd period - Fedor Tyutin is hit by Marcus Nilson and loses puck.
8:53 of 3rd period - Off-side.
8:54 of 3rd period - Chris Kelly wins face-off versus Vaclav Prospal in neutral zone.
8:56 of 3rd period - Minor Penalty to Mike Lundin for Hooking.
8:57 of 3rd period - David Booth wins face-off versus Chris Drury in Blue Jackets zone.
9:10 of 3rd period - Snap shot by Patric Hornqvist.
9:10 of 3rd period - Deflect By David Booth.
9:10 of 3rd period - Stopped by Martin Brodeur with a rebound.
9:12 of 3rd period - Snap shot by Patric Hornqvist.
9:12 of 3rd period - Stopped by Martin Brodeur without a rebound.
9:13 of 3rd period - Vaclav Prospal wins face-off versus David Booth in Nordiques zone.
9:15 of 3rd period - Icing by Kristopher Letang.
9:16 of 3rd period - David Booth wins face-off versus Vaclav Prospal in Nordiques zone.
10:29 of 3rd period - Kevin Bieksa is hit by Fedor Tyutin and loses puck.
10:52 of 3rd period - Alexei Kovalev is hit by Marcus Nilson and loses puck.
10:56 of 3rd period - Penalty to Mike Lundin is over, Mike Lundin is back on ice.
11:19 of 3rd period - Slapshot by Shane Hnidy.
11:19 of 3rd period - Stopped by Mathieu Garon without a rebound.
11:20 of 3rd period - Jarret Stoll wins face-off versus Jan Bulis in Blue Jackets zone.
11:36 of 3rd period - Icing by Niclas Wallin.
11:37 of 3rd period - Dave Steckel wins face-off versus Jarret Stoll in Nordiques zone.
12:24 of 3rd period - Wrist shot by Pascal Dupuis.
12:24 of 3rd period - Stopped by Mathieu Garon with a rebound.
12:26 of 3rd period - Snap shot by Rich Peverley.
12:26 of 3rd period - Stopped by Mathieu Garon with a rebound.
12:32 of 3rd period - Wrist shot by Rich Peverley.
12:32 of 3rd period - Shot Misses the Net.
12:34 of 3rd period - Snap shot by Rich Peverley.
12:34 of 3rd period - Shot Blocked by Branislav Mezei.
12:40 of 3rd period - Minor Penalty to Pavel Bure for Hooking.
12:41 of 3rd period - David Booth wins face-off versus Chris Drury in Blue Jackets zone.
12:50 of 3rd period - Snap shot by R.J. Umberger.
12:50 of 3rd period - Shot Blocked by Patric Hornqvist.
13:14 of 3rd period - Slapshot by Kristopher Letang.
13:14 of 3rd period - Deflect By Chris Kelly.
13:14 of 3rd period - Stopped by Mathieu Garon without a rebound.
13:15 of 3rd period - Chris Drury wins face-off versus Chris Kelly in Blue Jackets zone.
13:46 of 3rd period - Off-side.
13:47 of 3rd period - Chris Drury wins face-off versus Chris Kelly in neutral zone.
13:50 of 3rd period - Slapshot by Kristopher Letang.
13:50 of 3rd period - Goal by Kristopher Letang - Nordiques : 3 - Blue Jackets : 5.
13:51 of 3rd period - Chris Drury wins face-off versus Chris Kelly in neutral zone.
13:54 of 3rd period - Snap shot by Chris Drury.
13:54 of 3rd period - Shot Blocked by Chris Kelly.
13:56 of 3rd period - Slapshot by Kristopher Letang.
13:56 of 3rd period - Stopped by Mathieu Garon without a rebound.
13:57 of 3rd period - Chris Kelly wins face-off versus Chris Drury in Blue Jackets zone.
13:57 of 3rd period - Chris Kelly is hit by R.J. Umberger.
14:19 of 3rd period - Patric Hornqvist is hit by Kristopher Letang and loses puck.
14:32 of 3rd period - Wrist shot by Chris Drury.
14:32 of 3rd period - Shot Misses the Net.
14:34 of 3rd period - Slapshot by Kristopher Letang.
14:34 of 3rd period - Shot Misses the Net.
14:50 of 3rd period - Snap shot by Chris Drury.
14:50 of 3rd period - Shot Misses the Net.
15:47 of 3rd period - Snap shot by Patric Hornqvist.
15:47 of 3rd period - Stopped by Martin Brodeur with a rebound.
15:59 of 3rd period - Wrist shot by R.J. Umberger.
15:59 of 3rd period - Stopped by Mathieu Garon with a rebound.
16:01 of 3rd period - Slapshot by Kristopher Letang.
16:01 of 3rd period - Shot Misses the Net.
16:13 of 3rd period - Snap shot by Chris Drury.
16:13 of 3rd period - Goal by Chris Drury - Nordiques : 4 - Blue Jackets : 5.
16:14 of 3rd period - Dave Steckel wins face-off versus Rich Peverley in neutral zone.
17:17 of 3rd period - Off-side.
17:18 of 3rd period - Kyle Calder wins face-off versus Dave Steckel in neutral zone.
17:21 of 3rd period - Kevin Bieksa is hit by Rich Peverley and loses puck.
17:44 of 3rd period - Nikolai Kulemin is hit by Jan Bulis and loses puck.
18:19 of 3rd period - Snap shot by Jason Ward.
18:19 of 3rd period - Stopped by Martin Brodeur without a rebound.
18:20 of 3rd period - Dave Steckel wins face-off versus Kyle Calder in Nordiques zone.
18:46 of 3rd period - Wrist shot by Marcus Nilson.
18:46 of 3rd period - Shot Misses the Net.
19:00 of 3rd period - Nordiques, Martin Brodeur is pulled from the net.
19:12 of 3rd period - Snap shot by Pascal Dupuis.
19:12 of 3rd period - Shot Blocked by Mike Commodore.
19:14 of 3rd period - Backhand shot by Shane Hnidy.
19:14 of 3rd period - Shot Blocked by Mike Commodore.
19:16 of 3rd period - Slapshot by Toni Lydman.
19:16 of 3rd period - Shot Misses the Net.
19:30 of 3rd period - Snap shot by Rich Peverley.
19:30 of 3rd period - Shot Blocked by Mike Commodore.
19:32 of 3rd period - Wrist shot by Pascal Dupuis.
19:32 of 3rd period - Stopped by Mathieu Garon with a rebound.
19:34 of 3rd period - Slapshot by Toni Lydman.
19:34 of 3rd period - Deflect By David Booth.
19:34 of 3rd period - Stopped by Mathieu Garon with a rebound.
19:36 of 3rd period - Snap shot by Kyle Calder.
19:36 of 3rd period - Stopped by Mathieu Garon with a rebound.
19:38 of 3rd period - Snap shot by Toni Lydman.
19:38 of 3rd period - Deflect By Rich Peverley.
19:38 of 3rd period - Shot Blocked by David Booth.
19:38 of 3rd period - Puck is out of play.
19:39 of 3rd period - Claude Noel call a timeout for Nordiques.
19:39 of 3rd period - Chris Kelly wins face-off versus Chris Drury in Blue Jackets zone.
19:50 of 3rd period - Slapshot by Daniel Briere.
19:50 of 3rd period - Goal by Daniel Briere - Nordiques : 5 - Blue Jackets : 5.
19:50 of 3rd period - Martin Brodeur from Nordiques was sent back in the game.
19:51 of 3rd period - Dave Steckel wins face-off versus Jarret Stoll in neutral zone.
Goals for this period are 3 for Nordiques vs 0 for Blue Jackets.
Shots for this period are 16 for Nordiques vs 6 for Blue Jackets.

Overtime #1


0:01 of 1st overtime period - R.J. Umberger wins face-off versus David Booth in neutral zone.
0:39 of 1st overtime period - François Beauchemin is hit by R.J. Umberger and loses puck.
0:52 of 1st overtime period - Wrist shot by Daniel Briere.
0:52 of 1st overtime period - Goal by Daniel Briere - Nordiques : 6 - Blue Jackets : 5.
Goals for this period are 1 for Nordiques vs 0 for Blue Jackets.
Shots for this period are 1 for Nordiques vs 0 for Blue Jackets.